 Dungeon Sprint DCSS version 0.29-a0-472-ge5599a681e (webtiles) character file.

Game seed: 1907494480825255395

149374 mhtbhm the Shatterer (level 15, -2/283 HPs)
             Began as a Troll Berserker on May 22, 2022.
             Was the Champion of Trog.
             Killed from afar by a deep elf annihilator (66 damage)
             ... with an iron shot
             ... in the Dungeon (Sprint III: "The Ten Rune Challenge").
             The game lasted 00:27:30 (7679 turns).

mhtbhm the Shatterer (Troll Berserker)              Turns: 7679, Time: 00:27:31

Health: -2/283     AC:  8    Str: 37    XL:     15   Next: 91%
Magic:  14/14      EV: 18    Int:  3    God:    Trog [******]
Gold:   2650       SH:  0    Dex:  9    Spells: 14/14 levels left

rFire   . . .      SeeInvis +   a - +9 giant spiked club (vamp)
rCold   + . .      Faith    +   (shield currently unavailable)
rNeg    + . .      Spirit   .   b - +2 robe {rN+}
rPois   +          Reflect  .   y - +0 mask of the Dragon {Will+ Slay+3 SInv}
rElec   .          Harm     +   r - +1 cloak "Ugimup" {Harm rPois rC+}
rCorr   .          Rampage  .   (gloves unavailable)
Will    ++...      NoTele   +   (boots unavailable)
Stlth   ..........              i - amulet of faith
HPRegen 1.37/turn               s - ring of Oprekk {Str+2 Slay+4 Stlth+}
MPRegen 0.14/turn               u - +4 ring of evasion

@: berserking, flying, very quick
A: large, unfitting armour, claws 3, regeneration 1, shaggy fur 1, tough skin 1
}: 3/10 runes: serpentine, barnacled, silver
a: Renounce Religion, Berserk, Trog's Hand, Brothers in Arms


You were in the Dungeon.
You worshipped Trog.
Trog was exalted by your worship.
You visited 1 branch You collected 4875 gold pieces.
You spent 2225 gold pieces at shops.

Inventory:

Hand Weapons
 a - a +9 vampiric giant spiked club (weapon)
 w - the +7 giant spiked club "Kuzeff" {flame, rPois rN+}
   (You found it in the Dungeon)

   It burns those it strikes, dealing additional fire damage.
   rPois:     It protects you from poison.
   rN:        It protects you from negative energy.
 B - the +10 giant spiked club "Miubesok" {vorpal, *Noise +Blink rN++ Str+2}
   (Trog gifted it to you in the Dungeon)

   It inflicts extra damage upon your enemies.
   Str:       It affects your strength (+2).
   rN:        It greatly protects you from negative energy.
   +Blink:    It lets you blink.
   *Noise:    It may make noises in combat.
 U - the +12 great mace "Ydoetigh" {vorpal, rF+}
   (Trog gifted it to you in the Dungeon)

   It inflicts extra damage upon your enemies.
   rF:        It protects you from fire.
Missiles
 h - 11 curare-tipped darts (quivered)
 q - 5 javelins
 R - 3 silver javelins
Armour
 b - a +2 robe of positive energy (worn)
 r - the +1 cloak "Ugimup" (worn) {Harm rPois rC+}
   (You bought it in a shop in the Dungeon)

   rC:        It protects you from cold.
   rPois:     It protects you from poison.
   Harm:      It increases damage dealt and taken.
 y - the +0 mask of the Dragon (worn) {Will+ Slay+3 SInv}
   (You bought it in a shop in the Dungeon)

   Slay:      It affects your accuracy & damage with ranged weapons and melee
   (+3).
   SInv:      It lets you see invisible.
   Will:      It increases your willpower.
 G - the +4 skin of Zhor {*Englaciate rC+++ SInv}
   (You found it in the Dungeon)

   It radiates cold, occasionally slowing all nearby creatures who are not
   resistant to cold.
   rC:        It renders you almost immune to cold.
   SInv:      It lets you see invisible.
 P - the +1 robe "Vaqeob" {Rampage +Blink Str-2}
   (You took it off a skeletal warrior in the Dungeon)

   Str:       It affects your strength (-2).
   +Blink:    It lets you blink.
   Rampage:   It bestows one free step when moving towards enemies.
Jewellery
 i - an amulet of faith (around neck)
 n - a ring of resist corrosion
 s - a ring of Oprekk (left claw) {Str+2 Slay+4 Stlth+}
   (You bought it in a shop in the Dungeon)

   [ring of slaying]

   Str:       It affects your strength (+2).
   Slay:      It affects your accuracy & damage with ranged weapons and melee
   (+4).
   Stlth:     It makes you more stealthy.
 u - a +4 ring of evasion (right claw)
 E - a ring of poison resistance
 F - the amulet "Fujufami" {Spirit Rampage rC- Dex+2}
   (You found it in the Dungeon)

   [amulet of guardian spirit]

   It causes incoming damage to be divided between your reserves of health and
   magic.
   Dex:       It affects your dexterity (+2).
   rC:        It makes you vulnerable to cold.
   Rampage:   It bestows one free step when moving towards enemies.
 I - a ring of flight
 M - a ring of protection from fire
 Q - a +6 ring of dexterity
Wands
 d - a wand of polymorph (7)
 t - a wand of charming (10)
 v - a wand of flame (20)
 D - a wand of mindburst (8)
 L - a wand of iceblast (9)
Scrolls
 j - 2 scrolls of immolation
 k - a scroll of fear
 m - 2 scrolls of poison
 x - 2 scrolls of vulnerability
 H - 4 scrolls of identify
 O - a scroll of acquirement
 S - a scroll of blinking
 T - a scroll of enchant armour
Potions
 c - 4 potions of curing
 e - 5 potions of heal wounds
 f - 2 potions of magic
 g - 3 potions of berserk rage
 l - 2 potions of brilliance
 o - 8 potions of mutation
 z - a potion of might
 A - a potion of invisibility
 C - a potion of lignification
 N - a potion of flight
Miscellaneous
 p - a condenser vane (inert)
 J - a lightning rod (4/4)
 K - a phantom mirror


   Skills:
 + Level 22.1 Fighting
 + Level 26.9 Maces & Flails
 + Level 3.5 Throwing
 + Level 15.9 Dodging
 + Level 14.4 Stealth
 + Level 4.6 Evocations


You had 14 spell levels left.
You didn't know any spells.
Your spell library was empty.

Dungeon Overview and Level Annotations

Branches:
Dungeon (1/1)

Altars:
Cheibriados
Dithmenos
Elyvilon
Fedhas
Gozag
Hepliaklqana
Kikubaaqudgha
Makhleb
Nemelex Xobeh
Okawaru
Qazlal
Ru
Sif Muna
Trog
Uskayaw
Vehumet
Wu Jian
Xom
Yredelemnul
Zin
The Shining One
Beogh
Jiyva
Lugonu

Shops:
D ?:(((?:![![![[?(==[?:(


Innate Abilities, Weirdness & Mutations

You are too large for most types of armour.
You have claws for hands.
Your natural rate of healing is unusually fast.
You are covered in fur. (AC +1)
You have tough skin. (AC +1)


Message History

The deep elf annihilator is engulfed in poison gas.
The deep elf annihilator looks as sick as possible!
The deep elf annihilator casts a spell.
The deep elf annihilator blinks!
The deep elf high priest invokes the aid of its god against you.
The sphere of damnation explodes!
The damnation engulfs you!!
The deep elf annihilator is engulfed in poison gas.
The deep elf annihilator looks as sick as possible!
The deep elf master archer shoots an arrow.
The arrow misses you.
The arrow hits the deep elf annihilator!
Your cyclops misses the deep elf annihilator.
Unknown command.
You feel a strong urge to attack something.
The deep elf annihilator is engulfed in poison gas.
The deep elf annihilator looks even sicker.
The deep elf master archer shoots an arrow.
The arrow completely misses you.
The arrow hits the deep elf annihilator!
The deep elf annihilator is engulfed in poison gas.
The deep elf annihilator looks as sick as possible!
The deep elf annihilator casts a spell at you.
The poison arrow misses you.
The poison arrow hits the deep elf master archer!
The deep elf master archer partially resists.
The deep elf master archer is poisoned.
You closely miss the deep elf master archer.
The deep elf master archer is lightly wounded.
The deep elf master archer shoots an arrow.
The arrow hits you!
Your cyclops hits the deep elf annihilator!!
Unknown command.
You closely miss the deep elf master archer.
The deep elf master archer is lightly wounded.
The deep elf master archer shoots an arrow.
The arrow hits you!!
* * * LOW HITPOINT WARNING * * *
The deep elf annihilator points at you and mumbles some strange words.
The iron shot hits you!!!
You die...

#################################
.#..'.#...##....'....:/ #........
...##.#...##≈≈≈≈##§§## #.......)
[.#.#.#...≈≈≈e..@ee§.# #........
.).##.#)).##C§§§##e§## #.)..)..)
.##.#.))..##.§§§'...e:} #.....bb.
#.#######################.[...b..
###################### #........
#.#..)..#^....^')†.≈≈# #..[.....
.##.###)#......#)†.≈≈############
.##)#..##...^^.#†.†≈≈≈≈##)...).))
#..##..).......#.†.≈≈≈≈##.#######


You could see a deep elf master archer (very poisoned), 3 deep elf annihilators,
a deep elf pyromancer and a friendly cyclops (summoned, berserk).

Vanquished Creatures
  Boris (D)
  Frederick (D)
  A golden dragon (D)
  2 bone dragons (D)
  Rupert (D)
  A lich (D)
  A quicksilver dragon (D)
  4 titans (D)
  2 sphinxes (D)
  Polyphemus (D)
  Gastronok (D)
  Chuck (D)
  Ilsuiw (D)
  Donald (D)
  A nagaraja (D)
  4 azure jellies (D)
  2 shadow dragons (D)
  A frost giant (D)
  A fire giant (D)
  Roxanne (D)
  2 vampire knights (D)
  Azrael (D)
  2 dire elephants (D)
  A merfolk javelineer (D)
  A fire dragon (D)
  2 mummy priests (D)
  3 yaktaur captains (D)
  14 vault guards (D)
  Erolcha (D)
  An ogre mage (D)
  2 hydras (D)
  2 anacondas (D)
  4 dancing weapons (D)
  2 centaur warriors (D)
  A naga warrior (D)
  A titan zombie (D)
  4 death yaks (D)
  3 orc high priests (D)
  Urug (D)
  2 deep elf knights (D)
  5 skeletal warriors (D)
  A golden dragon zombie (D)
  A shadow wraith (D)
  A sea snake (D)
  A spriggan druid (D)
  A death drake (D)
  2 orc knights (D)
  2 obsidian statues (D)
  A lindwurm (shapeshifter) (D)
  A lindwurm (D)
  2 deep elf pyromancers (D)
  5 ugly things (D)
  4 crystal guardians (D)
  2 deep elf zephyrmancers (D)
  2 oklob plants (D)
  11 slime creatures (D)
  2 elephants (D)
  5 black mambas (D)
  A water nymph (shapeshifter) (D)
  4 statues (D)
  A guardian serpent (D)
  2 cane toads (D)
  A stone giant skeleton (D)
  A rime drake (D)
  10 guardian mummies (D)
  A komodo dragon (D)
  2 yaktaurs (D)
  A queen bee (D)
  2 anaconda simulacra (D)
  4 spriggan defenders (D)
  3 hornets (D)
  2 tyrant leeches (D)
  A tarantella (shapeshifter) (D)
  8 blink frogs (D)
  3 dream sheep (D)
  2 spriggans (D)
  A shadow (D)
  5 redbacks (D)
  3 wandering mushrooms (D)
  2 iron troll simulacra (D)
  A spatial vortex (D)
  2 nagas (D)
  A floating eye (D)
  5 water moccasins (D)
  A swamp drake (D)
  2 orc warriors (D)
  A black mamba simulacrum (D)
  5 two-headed ogres (D)
  A necrophage (D)
  A water elemental (D)
  26 killer bees (D)
  An electric eel (D)
  A jelly (D)
  Crazy Yiuf (D)
  4 orc priests (D)
  Jessica (D)
  2 orc wizards (D)
  7 necromancers (D)
  3 wolf simulacra (D)
  3 humans (D)
  A kobold demonologist (D)
  3 adders (D)
  2 adder simulacra (D)
  8 orcs (D)
  2 bat zombies (D)
  An endoplasm (D)
  A giant cockroach zombie (D)
  2 rats (D)
  8 bushes (D)
  3 butterflies (D)
  3 plants (D)
291 creatures vanquished.

Vanquished Creatures (collateral kills)
  Frances (D)
  2 vault guards (D)
  An orc high priest (D)
  3 killer bees (D)
7 creatures vanquished.

Vanquished Creatures (others)
  3 killer bees (D)
  A wizard (D)
  14 plants (D)
18 creatures vanquished.

Grand Total: 316 creatures vanquished

Notes
Turn   | Place    | Note
-------+----------+-------------------------------------------
     0 | D        | mhtbhm the Troll Berserker began the quest for the Orb.
     0 | D        | Reached XP level 1. HP: 22/22 MP: 0/0
    11 | D        | Reached skill level 3 in Maces & Flails
    41 | D        | Reached ** piety under Trog
    43 | D        | Noticed Jessica
    56 | D        | Killed Jessica
    57 | D        | Reached skill level 4 in Maces & Flails
    57 | D        | Reached XP level 2. HP: 17/32 MP: 1/1
    57 | D        | Reached XP level 3. HP: 21/39 MP: 2/2
   101 | D        | Noticed Crazy Yiuf
   174 | D        | Killed Crazy Yiuf
   174 | D        | Reached *** piety under Trog
   175 | D        | Reached skill level 5 in Maces & Flails
   175 | D        | Reached XP level 4. HP: 45/49 MP: 3/3
   228 | D        | Noticed a water elemental
   233 | D        | Killed a water elemental
   234 | D        | Reached skill level 5 in Fighting
   234 | D        | Reached skill level 6 in Maces & Flails
   234 | D        | Reached skill level 5 in Dodging
   281 | D        | Found a basalt altar of Yredelemnul.
   281 | D        | Found a shadowy altar of Dithmenos.
   281 | D        | Found a sacrificial altar of Ru.
   281 | D        | Noticed a necrophage
   287 | D        | Killed a necrophage
   288 | D        | Reached skill level 7 in Maces & Flails
   288 | D        | Reached XP level 5. HP: 58/58 MP: 4/4
   290 | D        | Reached **** piety under Trog
   331 | D        | Found a radiant altar of Vehumet.
   331 | D        | Found a shimmering blue altar of Sif Muna.
   331 | D        | Found an ancient bone altar of Kikubaaqudgha.
   336 | D        | Noticed a chaos spawn
   385 | D        | Found a glowing silver altar of Zin.
   385 | D        | Found a glowing golden altar of the Shining One.
   385 | D        | Found a white marble altar of Elyvilon.
   386 | D        | Noticed a deep elf pyromancer
   400 | D        | Killed a deep elf pyromancer
   400 | D        | Reached ***** piety under Trog
   401 | D        | Reached skill level 10 in Maces & Flails
   401 | D        | Reached XP level 6. HP: 47/71 MP: 5/5
   401 | D        | Reached XP level 7. HP: 52/78 MP: 6/6
   440 | D        | Found a hide-covered altar of Uskayaw.
   440 | D        | Found an iron altar of Okawaru.
   440 | D        | Found a bloodstained altar of Trog.
   440 | D        | Found an ornate altar of the Wu Jian Council.
   440 | D        | Noticed a human
   441 | D        | Noticed a human
   444 | D        | Killed a human
   445 | D        | Reached skill level 1 in Stealth
   450 | D        | Killed a human
   451 | D        | Reached skill level 11 in Maces & Flails
   487 | D        | Noticed a shadow
   499 | D        | Killed a shadow
   500 | D        | Reached XP level 8. HP: 50/88 MP: 7/7
   559 | D        | Found a blossoming altar of Fedhas.
   559 | D        | Found a stormy altar of Qazlal.
   559 | D        | Found a snail-covered altar of Cheibriados.
   559 | D        | Found a burning altar of Makhleb.
   559 | D        | Found a shimmering altar of Xom.
   560 | D        | Found a hazy altar of Hepliaklqana.
   560 | D        | Found an opulent altar of Gozag.
   560 | D        | Found a sparkling altar of Nemelex Xobeh.
   560 | D        | Found a corrupted altar of Lugonu.
   560 | D        | Found a viscous altar of Jiyva.
   595 | D        | Reached skill level 12 in Maces & Flails
   598 | D        | Received a gift from Trog
   700 | D        | Noticed a two-headed ogre
   704 | D        | Killed a two-headed ogre
   825 | D        | Noticed Erolcha
   825 | D        | Noticed a two-headed ogre
   845 | D        | Killed Erolcha
   846 | D        | Reached skill level 13 in Maces & Flails
   846 | D        | Reached XP level 9. HP: 90/98 MP: 2/8
   851 | D        | Killed a two-headed ogre
   851 | D        | Reached ****** piety under Trog
   852 | D        | Reached skill level 14 in Maces & Flails
   852 | D        | Reached skill level 1 in Evocations
   925 | D        | Noticed a wandering mushroom
   930 | D        | Noticed a wandering mushroom
   932 | D        | Noticed a wandering mushroom
   941 | D        | Received a gift from Trog
  1011 | D        | Killed a wandering mushroom
  1093 | D        | Noticed an orc high priest
  1094 | D        | Noticed an orc high priest
  1095 | D        | Found Unloaf's Antique Weapon Emporium.
  1095 | D        | Noticed an orc high priest
  1095 | D        | Noticed an orc knight
  1095 | D        | Noticed an orc knight
  1096 | D        | Noticed a red devil
  1097 | D        | Noticed a soul eater
  1097 | D        | Received a gift from Trog
  1098 | D        | Reached skill level 15 in Maces & Flails
  1100 | D        | Killed an orc high priest
  1100 | D        | Received a gift from Trog
  1101 | D        | Reached skill level 10 in Fighting
  1101 | D        | Reached XP level 10. HP: 92/110 MP: 3/9
  1105 | D        | Killed an orc high priest
  1106 | D        | Reached skill level 16 in Maces & Flails
  1108 | D        | Killed an orc knight
  1108 | D        | Killed an orc knight
  1108 | D        | Lost intelligence.
  1110 | D        | Killed an orc high priest
  1401 | D        | Noticed a cane toad
  1401 | D        | Noticed a cane toad
  1403 | D        | Killed a cane toad
  1404 | D        | Reached skill level 17 in Maces & Flails
  1405 | D        | Received a gift from Trog
  1411 | D        | Killed a cane toad
  1472 | D        | Reached skill level 10 in Dodging
  1472 | D        | Reached XP level 11. HP: 64/123 MP: 10/10
  1530 | D        | Noticed a lindwurm
  1534 | D        | Killed a lindwurm
  1534 | D        | Received a gift from Trog
  1535 | D        | Reached skill level 18 in Maces & Flails
  1587 | D        | Noticed Urug
  1593 | D        | Killed Urug
  1670 | D        | Received a gift from Trog
  1774 | D        | Noticed Donald
  1774 | D        | Noticed Frances
  1786 | D        | Killed Frances
  1788 | D        | Killed Donald
  1789 | D        | Reached skill level 19 in Maces & Flails
  1849 | D        | Noticed a sun demon
  1856 | D        | Noticed a sun demon
  1871 | D        | Received a gift from Trog
  1962 | D        | Noticed an obsidian statue
  1979 | D        | Killed an obsidian statue
  2016 | D        | Found Suky's Weapon Emporium.
  2016 | D        | Found Lecelixt's Jewellery Shop.
  2016 | D        | Found Yrav's Antique Weapon Shoppe.
  2016 | D        | Found Tiocof's Jewellery Emporium.
  2016 | D        | Found Bugeinn's Book Shop.
  2016 | D        | Found Zeang's Magic Scroll Emporium.
  2016 | D        | Found Mumpaedo's Armour Boutique.
  2017 | D        | Found Juofock's Magic Scroll Boutique.
  2017 | D        | Found Moic's Antique Armour Shoppe.
  2017 | D        | Found Rieba's Antique Armour Shop.
  2017 | D        | Found Ezatwer's Distillery.
  2061 | D        | Bought a fading cloak for 266 gold pieces
  2061 | D        | Identified the +1 cloak "Ugimup" {Harm rPois rC+} (You
                  | bought it in a shop in the Dungeon)
  2095 | D        | Bought a potion of heal wounds for 70 gold pieces
  2104 | D        | Bought a scroll of brand weapon for 200 gold pieces
  2108 | D        | Bought a ring of Oprekk {Str+2 Slay+4 Stlth+} for 920 gold
                  | pieces
  2224 | D        | Noticed a fire dragon
  2231 | D        | Killed a fire dragon
  2240 | D        | Noticed a centaur warrior
  2246 | D        | Killed a centaur warrior
  2281 | D        | Noticed a +0 dire flail of venom
  2281 | D        | Noticed a +1 vorpal scimitar
  2287 | D        | Killed a +1 vorpal scimitar
  2288 | D        | Reached skill level 20 in Maces & Flails
  2299 | D        | Killed a +0 dire flail of venom
  2299 | D        | Received a gift from Trog
  2300 | D        | Reached skill level 5 in Stealth
  2300 | D        | Reached XP level 12. HP: 59/136 MP: 11/11
  2394 | D        | Identified the +7 giant spiked club "Kuzeff" {flame, rPois
                  | rN+}
  2416 | D        | Noticed a yaktaur captain
  2424 | D        | Killed a yaktaur captain
  2555 | D        | Received a gift from Trog
  2666 | D        | Noticed a vampire knight
  2669 | D        | Killed a vampire knight
  2670 | D        | Reached skill level 21 in Maces & Flails
  2677 | D        | Received a gift from Trog
  2720 | D        | Received a gift from Trog
  2810 | D        | Received a gift from Trog
  2816 | D        | Noticed a bone dragon
  2825 | D        | Killed a bone dragon
  2865 | D        | Noticed a bone dragon
  2870 | D        | Killed a bone dragon
  2870 | D        | Received a gift from Trog
  2946 | D        | Noticed a vampire knight
  2948 | D        | Killed a vampire knight
  2948 | D        | Identified the +3 giant spiked club of Umue {antimagic,
                  | Str+4} (Trog gifted it to you in the Dungeon)
  2948 | D        | Received a gift from Trog
  3106 | D        | Reached XP level 13. HP: 148/148 MP: 12/12
  3110 | D        | Reached skill level 22 in Maces & Flails
  3118 | D        | Received a gift from Trog
  3191 | D        | Paralysed by an air elemental for 1 turns
  3194 | D        | Paralysed by an air elemental for 1 turns
  3205 | D        | Reached skill level 15 in Fighting
  3314 | D        | Noticed Boris
  3317 | D        | Received a gift from Trog
  3335 | D        | Killed Boris
  3417 | D        | Found Rawoc's Distillery.
  3417 | D        | Found Ytatwy's Distillery.
  3417 | D        | Found Vitikhyza's Armour Shop.
  3417 | D        | Found Teppuh's Armour Shoppe.
  3420 | D        | Received a gift from Trog
  3423 | D        | Bought the +0 mask of the Dragon {Will+ Slay+3 SInv} for
                  | 400 gold pieces
  3423 | D        | Found the +0 mask of the Dragon {Will+ Slay+3 SInv}
  3429 | D        | Bought a potion of heal wounds for 55 gold pieces
  3541 | D        | Noticed Rupert
  3548 | D        | Paralysed by Rupert for 5 turns
  3554 | D        | Killed Rupert
  3555 | D        | Reached skill level 1 in Throwing
  3555 | D        | Noticed an azure jelly
  3555 | D        | Noticed an azure jelly
  3555 | D        | Noticed an azure jelly
  3555 | D        | Noticed an azure jelly
  3642 | D        | Reached skill level 23 in Maces & Flails
  3650 | D        | Received a gift from Trog
  3666 | D        | Received a gift from Trog
  3690 | D        | Received a gift from Trog
  3715 | D        | Identified the +0 giant club of Midwinter {flame, Contam
                  | rPois Dex+4} (Trog gifted it to you in the Dungeon)
  3715 | D        | Received a gift from Trog
  3743 | D        | Noticed a nagaraja
  3746 | D        | Found Huheoda's Magic Scroll Boutique.
  3746 | D        | Found Gewn's Book Emporium.
  3751 | D        | Killed a nagaraja
  3752 | D        | Received a gift from Trog
  3756 | D        | Found Gipioser's Antique Weapon Shop.
  3772 | D        | Got a serpentine rune of Zot
  3786 | D        | Bought a scroll of enchant weapon for 82 gold pieces
  3786 | D        | Bought a scroll of enchant weapon for 82 gold pieces
  3881 | D        | Killed an azure jelly
  4002 | D        | Killed an azure jelly
  4003 | D        | Reached XP level 14. HP: 166/166 MP: 13/13
  4004 | D        | Killed an azure jelly
  4007 | D        | Killed an azure jelly
  4008 | D        | Reached skill level 10 in Stealth
  4067 | D        | Noticed Gastronok
  4076 | D        | Received a gift from Trog
  4077 | D        | Reached skill level 24 in Maces & Flails
  4081 | D        | Killed Gastronok
  4197 | D        | Received a gift from Trog
  4359 | D        | Found a blossoming altar of Fedhas.
  4375 | D        | Identified the +10 giant spiked club "Miubesok" {vorpal,
                  | *Noise +Blink rN++ Str+2} (Trog gifted it to you in the
                  | Dungeon)
  4375 | D        | Received a gift from Trog
  4398 | D        | Found the +4 skin of Zhor {*Englaciate rC+++ SInv}
  4405 | D        | Identified the +0 cloak of Failure {SInv}
  4515 | D        | Received a gift from Trog
  4517 | D        | Received a gift from Trog
  4527 | D        | Received a gift from Trog
  4535 | D        | Identified the +1 giant spiked club of Feuwuled {vorpal,
                  | rElec rPois Dex+8} (Trog gifted it to you in the Dungeon)
  4535 | D        | Received a gift from Trog
  4610 | D        | Received a gift from Trog
  4944 | D        | Identified Roxanne's Volume of Shape Shifting
  4944 | D        | Noticed Roxanne
  4953 | D        | Killed Roxanne
  4984 | D        | Received a gift from Trog
  5188 | D        | Received a gift from Trog
  5391 | D        | Noticed Chuck
  5404 | D        | Killed Chuck
  5418 | D        | Identified the amulet "Fujufami" {Spirit Rampage rC- Dex+2}
  5480 | D        | Noticed Frederick
  5485 | D        | Killed Frederick
  5485 | D        | Received a gift from Trog
  5591 | D        | Noticed a lich
  5594 | D        | Killed a lich
  5597 | D        | Received a gift from Trog
  5601 | D        | Noticed a shadow dragon
  5601 | D        | Noticed a shadow dragon
  5615 | D        | Killed a shadow dragon
  5618 | D        | Killed a shadow dragon
  5622 | D        | Received a gift from Trog
  5623 | D        | Reached skill level 25 in Maces & Flails
  5702 | D        | Noticed a titan
  5702 | D        | Noticed a fire giant
  5702 | D        | Noticed a titan
  5702 | D        | Noticed a titan
  5702 | D        | Noticed a frost giant
  5702 | D        | Noticed a quicksilver dragon
  5702 | D        | Noticed a titan
  5703 | D        | Noticed a golden dragon
  5710 | D        | Received a gift from Trog
  5717 | D        | Killed a fire giant
  5718 | D        | Reached XP level 15. HP: 33/180 MP: 14/14
  5880 | D        | Killed a golden dragon
  5895 | D        | Killed a titan
  5895 | D        | Received a gift from Trog
  5925 | D        | Killed a titan
  5985 | D        | Received a gift from Trog
  6002 | D        | Killed a quicksilver dragon
  6003 | D        | Reached skill level 15 in Dodging
  6049 | D        | Received a gift from Trog
  6102 | D        | Identified the +1 robe "Vaqeob" {Rampage +Blink Str-2}
  6104 | D        | Killed a frost giant
  6104 | D        | Received a gift from Trog
  6153 | D        | Killed a titan
  6159 | D        | Reached skill level 26 in Maces & Flails
  6235 | D        | Received a gift from Trog
  6259 | D        | Killed a titan
  6289 | D        | Got a silver rune of Zot
  6450 | D        | Noticed a sphinx
  6450 | D        | Noticed a sphinx
  6460 | D        | Killed a sphinx
  6460 | D        | Received a gift from Trog
  6465 | D        | Killed a sphinx
  6639 | D        | Received a gift from Trog
  6818 | D        | Acquired 1128 gold pieces
  7050 | D        | Noticed Azrael
  7052 | D        | Killed Azrael
  7121 | D        | Received a gift from Trog
  7123 | D        | Identified the +10 great mace of a bazaar {flame, rF+}
                  | (Trog gifted it to you in the Dungeon)
  7123 | D        | Received a gift from Trog
  7275 | D        | Noticed Polyphemus
  7287 | D        | Killed Polyphemus
  7290 | D        | Received a gift from Trog
  7434 | D        | Noticed Ilsuiw
  7456 | D        | Killed Ilsuiw
  7466 | D        | Found Ruoleig's Antique Weapon Emporium.
  7477 | D        | Found Saoler's Magic Scroll Shop.
  7478 | D        | Found Ges Ver's Book Shoppe.
  7506 | D        | Identified the +12 great mace "Ydoetigh" {vorpal, rF+}
                  | (Trog gifted it to you in the Dungeon)
  7506 | D        | Received a gift from Trog
  7520 | D        | Got a barnacled rune of Zot
  7538 | D        | Bought a scroll of blinking for 75 gold pieces
  7538 | D        | Bought a scroll of enchant armour for 75 gold pieces
  7669 | D        | Noticed a deep elf master archer
  7679 | D        | Killed from afar by a deep elf annihilator

Illustrated notes

Levels and vault maps discovered:
D:        dungeon_sprint_mu [sprint_mu_entry_cave, sprint_mu_temple_rooms,
          sprint_mu_d1_spiders, sprint_mu_d2_genie, sprint_mu_d3_branching,
          sprint_mu_orc_legion, sprint_mu_elf_gauntlet, sprint_mu_hive_nellie,
          sprint_mu_lair_fedhas, sprint_mu_vaults_butterflies,
          sprint_mu_slime_circle, sprint_mu_shoals_archi,
          sprint_mu_snake_twists, sprint_mu_blade_basic,
          sprint_mu_crypt_chambers, sprint_mu_tomb_spiral,
          sprint_mu_vestibule_basic, sprint_mu_gehenna_hellfire,
          sprint_mu_dis_giant, sprint_mu_tartarus_statrot,
          sprint_mu_cocytus_islands, sprint_mu_zot1]

Skill      XL: |  1  2  3  4  5  6  7  8  9 10 11 12 13 14 15 |
---------------+----------------------------------------------+-----
Maces & Flails | 4 5 7 10 11 13 15 17 20 21 23 25 26 | 26.9
Fighting       | 3 4 5 7 9 10 11 13 14 17 19 22 | 22.1
Dodging        | 3 4 5 7 8 9 10 11 12 13 14 15 | 15.9
Stealth        | 1 2 3 5 7 9 12 14 | 14.4
Evocations     | 1 2 3 4 |  4.6
Throwing       | 3 |  3.5

Action                   |  1- 3 |  4- 6 |  7- 9 | 10-12 | 13-15 || total
-------------------------+-------+-------+-------+-------+-------++-------
Melee: Mace              |    24 |    35 |    42 |       |       ||   101
       Giant club        |       |       |    28 |    14 |       ||    42
       Punch             |       |       |     1 |       |       ||     1
       Giant spiked club |       |       |       |   164 |   342 ||   506
Throw: Javelin           |       |       |       |     1 |       ||     1
       Dart              |       |       |       |       |     7 ||     7
Invok: Berserk           |     3 |     4 |     4 |     7 |    11 ||    29
       Brothers in Arms  |       |       |       |     4 |     4 ||     8
       Trog's Hand       |       |       |       |       |     1 ||     1
Evoke: Condenser vane    |       |       |     3 |     1 |     6 ||    10
       Wand              |       |       |     1 |       |     4 ||     5
  Use: Potion            |     2 |       |       |       |     5 ||     7
       Scroll            |       |       |       |     5 |     9 ||    14
 Stab: Sleeping          |       |       |     1 |    18 |    27 ||    46
       Distracted        |       |       |       |     1 |     2 ||     3
       Confused          |       |       |       |       |     4 ||     4
Armor: Animal skin       |     2 |     2 |     1 |       |       ||     5
       Robe              |       |       |     3 |    35 |    38 ||    76
Dodge: Dodged            |     8 |     8 |    25 |    80 |   145 ||   266

Table legend: (Time is in decaauts)
 A = Elapsed time spent in this place.
 B = Non-inter-level travel time spent in this place.
 C = Inter-level travel time spent in this place.
 D = Time resting spent in this place.
 E = Time spent auto-exploring this place.
 F = Levels seen in this place.
 G = Mean time per level.
                   A        B        C        D        E       F      G
               +--------+--------+--------+--------+--------+-----+--------+
         Total |   7902 |   7684 |    218 |   3763 |     97 |   1 | 7902.0 |
       Dungeon |   7902 |   7684 |    218 |   3763 |     97 |   1 | 7902.0 |
               +--------+--------+--------+--------+--------+-----+--------+

Top non-repeatable levels by time:
       D: 7902 daAuts
